 Dungeon Crawl Stone Soup version 0.29-a0-721-g7f417c9bbb (webtiles) character file.

Game seed: 16280407276225163663

135 zeratav the Shooter (level 4, -4/21 HPs)
             Began as a Spriggan Arcane Marksman on June 27, 2022.
             Slain by Natasha (8 damage)
             ... on level 3 of the Dungeon.
             The game lasted 00:03:38 (2364 turns).

zeratav the Shooter (Spriggan Arcane Marksman)      Turns: 2364, Time: 00:03:38

Health: -4/21      AC:  2    Str:  6    XL:     4   Next: 97%
Magic:  7/7        EV: 17    Int: 14    God:
Gold:   134        SH:  0    Dex: 17    Spells: 4/5 levels left

rFire   . . .      SeeInvis +   a - +0 sling
rCold   . . .      Faith    .   (no shield)
rNeg    . . .      Spirit   .   c - +0 robe
rPois   .          Reflect  .   (helmet restricted)
rElec   .          Harm     .   (no cloak)
rCorr   .          Rampage  .   (gloves unavailable)
Will    .....                   (boots unavailable)
Stlth   ++........              (no amulet)
HPRegen 0.07/turn               (no ring)
MPRegen 0.10/turn               (no ring)

@: slowed, quick
A: very small, no large weapons, unfitting armour, see invisible, speed 3
a: no special abilities


You were on level 3 of the Dungeon.
You visited 1 branch of the dungeon, and saw 3 of its levels.

You collected 134 gold pieces.


Innate Abilities, Weirdness & Mutations

You are very small and have problems with some larger weapons.
You are too small for most types of armour.
You have supernaturally acute eyesight. (SInv)
You cover ground extremely quickly. (Speed+++)


   Skills:
 - Level 0.7 Fighting
 + Level 6.3 Ranged Weapons
 - Level 2.6 Dodging
 - Level 1.3 Spellcasting
 - Level 3.6 Hexes


You had 4 spell levels left.
You knew the following spells:

 Your Spells              Type           Power      Damage    Failure   Level
a - Slow                  Hex            44%        N/A       6%          1

Your spell library contained the following spells:

 Spells                   Type           Power      Damage    Failure   Level
 Apportation              Tloc           0%         N/A       26%         1
 Inner Flame              Hex/Fire       6%         N/A       36%         3
 Portal Projectile        Hex/Tloc       12%        N/A       36%         3
 Cause Fear               Hex            5%         N/A       50%         4
 Gell's Gravitas          Tloc           0%         N/A       58%         3
 Teleport Other           Tloc           0%         N/A       58%         3
 Dispersal                Tloc           0%         N/A       100%        6
 Infestation              Necr           0%         N/A       100%        8
 Necromutation            Tmut/Necr      0%         N/A       100%        8

Inventory:

Hand Weapons
 a - a +0 sling (weapon)
 m - the +6 falchion of the Briny Deep {freeze, *Rage *Slow Dex+8 Stlth+, long}
   (You found it on level 2 of the Dungeon)

   It freezes those it strikes, dealing additional cold damage.
   It can also slow down cold-blooded creatures.
   Dex:       It affects your dexterity (+8).
   *Rage:     It berserks you when you make melee attacks (+20% chance).
   *Slow:     It may slow you when you take damage.
   Stlth:     It makes you more stealthy.
 q - a +1 dagger of venom {short}
   (You took it off a kobold on level 3 of the Dungeon)
Armour
 c - a +0 robe (worn)
Jewellery
 i - a ring of fire
   (You found it on level 2 of the Dungeon)
Scrolls
 b - 2 scrolls of vulnerability {!r!r}
 e - a scroll of enchant armour {unknown}
 g - 3 scrolls of fear {unknown}
 h - 4 scrolls of torment {unknown}
 j - a scroll of noise {unknown}
 l - 2 scrolls of identify {unknown}
 o - 3 scrolls of teleportation {unknown}
Potions
 d - 3 potions of heal wounds {unknown}
 f - 2 potions of magic {unknown}
 k - a potion of haste {unknown}
 n - a potion of resistance {unknown}
 p - a potion of curing {unknown}

Dungeon Overview and Level Annotations

Branches:
Dungeon (3/15) Zot: 16146

Altars:
Gozag

Annotations:
D:3 Natasha

#.###.#.# ##.......## #≈≈≈≈≈≈≈≈≈
#.##....###.........###≈≈≈≈≈####
#.........'>........+...≈≈≈≈≈...
####...####............≈≈≈≈≈....
#......##.......###..≈≈≈....#
#..###.###.....## #..≈≈≈≈..##
#..# #.# ##55.## #.≈≈≈≈≈..# #..#
#.# ##h## #..≈≈≈...# #..# #.#
#@# ##.≈≈≈≈.## #.## #.# #.#
#.≈≈≈≈.# #.####.# ##.## ≈≈≈≈≈≈#
##.#.>..####...#
#.†..#.........#
#......#####..## #...#### ##.#
##### #.# #.#


You could see Natasha and 2 crimson imps.


Message History

Your Ranged Weapons skill increases to level 6!
Fire: a) +0 sling
Press: ? - help, Q - select action, (/) - cycle Shift-Dir - straight line, f - endoplasm
Aim: an endoplasm (moderately wounded, 86% to hit)
You shoot a sling bullet. The sling bullet hits the endoplasm.
You kill the endoplasm!
Fire: a) +0 sling
Press: ? - help, Q - select action, (/) - cycle Shift-Dir - straight line, f - you That would be overly suicidal.
Okay, then.
A kobold comes into view. It is wielding a +1 dagger of venom.
HP[+6]
Your hp is fully restored (21).
A kobold is nearby!
You shoot a sling bullet. The sling bullet hits the kobold.
The kobold shouts!
You shoot a sling bullet. The sling bullet hits the kobold!
You kill the kobold!
No target in view!
No target in view!
There is an open door here.
q - a +1 dagger of venom {short} You see here 3 stones {throwing}.
A ball python comes into view.
You shoot a sling bullet. The sling bullet hits the ball python.
The ball python hisses angrily.
You shoot a sling bullet. The sling bullet hits the ball python.
You kill the ball python!
No target in view!
No target in view!
There is an open door here.
f - 2 fuming pink potions (gained 1)
You see here a ball python corpse.
Natasha, Servant of Life and Death comes into view.
You shoot a sling bullet.
Natasha hisses angrily.
The sling bullet hits Natasha.
You shoot a sling bullet. The sling bullet hits Natasha.
Natasha stares at you and mumbles some strange words.
You feel yourself slow down.
You shoot a sling bullet.
The sling bullet closely misses Natasha.
Natasha mumbles some strange words.
You shoot a sling bullet. The sling bullet hits the crimson imp.
You shoot a sling bullet.
The sling bullet closely misses the crimson imp.
The sling bullet barely misses Natasha.
Natasha howls an incantation.
Natasha glows brightly for a moment.
The crimson imp closely misses you. The crimson imp misses you.
You shoot a sling bullet.
The sling bullet barely misses the crimson imp.
The sling bullet closely misses Natasha.
Natasha wildly gestures.
Natasha's front paws start to glow.
The crimson imp blinks!
You shoot a sling bullet.
The sling bullet completely misses Natasha.
Natasha casts a spell at you.
You easily resist.
The crimson imp blinks!
Natasha casts a spell at you. The magic dart hits you!
HP[-9]
You take 9 damage, and now have 12/21 hp.
MASSIVE DAMAGE!! (PAUSE)
You are too injured to fight recklessly!
You are too injured to fight recklessly!
You are too injured to fight recklessly!
Unknown command.
Fire: a) +0 sling
Press: ? - help, Q - select action, (/) - cycle Shift-Dir - straight line, f/p - Natasha
Aim: Natasha (lightly wounded, 53% to hit)
You shoot a sling bullet. The sling bullet barely misses Natasha.
Natasha misses you. Natasha completely misses you.
Fire: a) +0 sling
Press: ? - help, Q - select action, (/) - cycle Shift-Dir - straight line, f/p - Natasha
Aim: Natasha (lightly wounded, 53% to hit)
You shoot a sling bullet. The sling bullet barely misses Natasha.
Natasha casts a spell at you. The magic dart hits you!
* * * LOW HITPOINT WARNING * * *
HP[-7]
You take 7 damage, and now have 5/21 hp.
MASSIVE DAMAGE!! (PAUSE) Fire: a) +0 sling
Press: ? - help, Q - select action, (/) - cycle Shift-Dir - straight line, f/p - Natasha
Aim: Natasha (lightly wounded, 53% to hit)
You shoot a sling bullet. The sling bullet hits Natasha.
Natasha claws you.
* * * LOW HITPOINT WARNING * * *
The crimson imp blinks!
Natasha casts a spell.
HP[-1]
You take 1 damage, and now have 4/21 hp.
Fire: a) +0 sling
Press: ? - help, Q - select action, (/) - cycle Shift-Dir - straight line, f/p - Natasha
Aim: Natasha (moderately wounded, 53% to hit)
You shoot a sling bullet. The sling bullet barely misses Natasha.
Natasha barely misses you. Natasha claws you!
You die...

Skill      XL: |  1  2  3  4 |
---------------+-------------+-----
Ranged Weapons | 3 4 5 6 |  6.3
Fighting       | |  0.7
Dodging        | |  2.6
Spellcasting   | |  1.3
Hexes          | |  3.6

Action                   |  1- 3 |  4- 6 || total
-------------------------+-------+-------++-------
 Fire: Sling             |   151 |    67 ||   218
 Cast: Slow              |     2 |       ||     2
Armor: Robe              |    15 |     2 ||    17
Dodge: Dodged            |    62 |    16 ||    78

Levels and vault maps discovered:
D:1:      dpeg_arrival_pits, layout_loops_ring
D:2:      layout_rooms, minmay_indecisive_spiral
D:3:      layout_loops_corners, nicolae_gozag_seed_capital,
          chequers_serial_rivers_large_a, uniq_natasha

Notes
Turn   | Place    | Note
-------+----------+-------------------------------------------
     0 | D:1      | zeratav the Spriggan Arcane Marksman began the quest for
                  | the Orb.
     0 | D:1      | Reached XP level 1. HP: 9/9 MP: 3/3
     0 | D:1      | magus.rc [v1.9.6]
    82 | D:1      | Reached skill level 3 in Ranged Weapons
    82 | D:1      | Reached XP level 2. HP: 14/14 MP: 5/5
   161 | D:1      | Reached skill level 4 in Ranged Weapons
   435 | D:1      | Upgraded the game from 0.29-a0-717-g6dac4ea423 to
                  | 0.29-a0-721-g7f417c9bbb
   435 | D:1      | magus.rc [v1.9.6]
   438 | D:1      | Reached XP level 3. HP: 17/17 MP: 6/6
   925 | D:2      | You fall into a shaft and drop 1 floor!
   949 | D:2      | You add the spells Apportation, Infestation and
                  | Necromutation to your library.
   949 | D:2      | Got Menaip's Compendium of Dark Dislocation
   990 | D:2      | Reached skill level 5 in Ranged Weapons
  1246 | D:2      | You add the spells Gell's Gravitas, Teleport Other and
                  | Dispersal to your library.
  1308 | D:2      | Reached XP level 4. HP: 21/21 MP: 7/7
  1333 | D:2      | Identified the +6 falchion of the Briny Deep {freeze, *Rage
                  | *Slow Dex+8 Stlth+}
  1852 | D:3      | Noticed Natasha
  1862 | D:3      | Killed Natasha
  2031 | D:3      | Found an opulent altar of Gozag.
  2177 | D:3      | Noticed Natasha
  2186 | D:3      | Killed Natasha
  2187 | D:3      | Reached skill level 6 in Ranged Weapons
  2353 | D:3      | Noticed Natasha
  2362 | D:3      | HP: 5/21 [Natasha/magic dart (7)]
  2364 | D:3      | Slain by Natasha

Vanquished Creatures
  Natasha (twice) (D:3)
  A gnoll (D:1)
  2 dart slugs
  6 ball pythons
  7 bats
  5 endoplasms
  5 giant cockroaches
  4 goblins
  7 hobgoblins
  6 jackals
  4 quokkas (D:1)
  6 frilled lizards
  3 kobolds
  9 rats
67 creatures vanquished.

Table legend:
 A = Non-vault XP
 B = Vault XP
 C = Vault XP percentage of total XP
 D = Non-vault monster count
 E = Vault monster count
 F = Vault count percentage of total count
                 A         B        C        D         E       F
            +---------+---------+-------+---------+---------+-------
      Total |     154 |      40 |  20.6 |      62 |       5 |   7.5
            +---------+---------+-------+---------+---------+-------
        D:1 |      69 |       0 |   0.0 |      31 |       0 |   0.0
        D:2 |      30 |       7 |  18.9 |      19 |       4 |  17.4
        D:3 |      55 |      33 |  37.5 |      12 |       1 |   7.7
            +---------+---------+-------+---------+---------+-------

Illustrated notes

Table legend:
 A = Kills in this place as a percentage of kills in entire the game.
 B = Kills by you in this place as a percentage of kills by you in the entire game.
 C = Kills by friends in this place as a percentage of kills by friends in the entire game.
 D = Other kills in this place as a percentage of other kills in the entire game.
 E = Experience gained in this place as a percentage of experience gained in the entire game.
 F = Experience gained in this place divided by the number of levels of this place that you have seen.
                   A       B       C       D       E      F
               +-------+-------+-------+-------+-------+----------------------
         Total | 100.0 | 100.0 |   N/A |   N/A | 100.0 |  64.7
       Dungeon | 100.0 | 100.0 |   N/A |   N/A | 100.0 |  64.7
               +-------+-------+-------+-------+-------+----------------------

Table legend: (Time is in decaauts)
 A = Elapsed time spent in this place.
 B = Non-inter-level travel time spent in this place.
 C = Inter-level travel time spent in this place.
 D = Time resting spent in this place.
 E = Time spent auto-exploring this place.
 F = Levels seen in this place.
 G = Mean time per level.
                   A        B        C        D        E       F      G
               +--------+--------+--------+--------+--------+-----+--------+
         Total |   1852 |   1833 |     19 |    278 |   1233 |   3 |  617.3 |
       Dungeon |   1852 |   1833 |     19 |    278 |   1233 |   3 |  617.3 |
               +--------+--------+--------+--------+--------+-----+--------+

Top non-repeatable levels by time:
     D:3: 735 daAuts
     D:1: 725 daAuts
     D:2: 390 daAuts
